 Dungeon Crawl Stone Soup version 0.30.1-11-g7821555f0a (webtiles) character file.

Game seed: 6635968305490353563

1953 booth the Cleaver (level 8, -8/60 (64) HPs)
             Began as a Demonspawn Gladiator on Dec 24, 2023.
             Was an Elder of Makhleb.
             Mangled by an ogre
             ... wielding a +0 giant club
              (18 damage)
             ... on level 7 of the Dungeon on Dec 25, 2023.
             The game lasted 00:37:24 (5676 turns).

booth the Cleaver (Demonspawn Gladiator)            Turns: 5676, Time: 00:37:25

HP:   -8/60 (64)    AC: 10    Str: 17    XL:     8   Next: 99%
MP:   9/10          EV: 11    Int: 10    God:    Makhleb [****..]
Gold: 294           SH:  0    Dex: 14    Spells: 7/7 levels left

rFire   . . .        a - +0 war axe (freeze)
rCold   . . .        (no shield)
rNeg    . . .        r - +0 ring mail
rPois   .            c - +1 helmet
rElec   .            (no cloak)
rCorr   .            (no gloves)
SInv    .            (no boots)
Will    .....        (no amulet)
Stlth   +            (no ring)
HPRegen 0.30/turn    (no ring)
MPRegen 0.12/turn

%: no passive effects
@: drained
A: thin metallic scales 2, spiny 1, weakness stinger 2
a: Renounce Religion, Minor Destruction, Lesser Servant of Makhleb, Major
Destruction


You were on level 7 of the Dungeon.
You worshipped Makhleb.
Makhleb was greatly pleased with you.
You visited 1 branch of the dungeon, and saw 7 of its levels.
You also visited: Ossuary.

You collected 294 gold pieces.

Inventory:

Hand Weapons
 a - a +0 war axe of freezing (weapon)
 l - a +0 mace
Missiles
 d - 3 throwing nets
 f - 16 poisoned darts
 n - 5 boomerangs (quivered)
 w - 3 javelins
 C - 2 atropa-tipped darts
Armour
 b - a +0 leather armour
 c - a +1 helmet (worn)
 r - a +0 ring mail (worn)
 s - a +0 buckler
 A - a +0 leather armour of cold resistance
Jewellery
 e - an amulet of guardian spirit
Wands
 y - a wand of polymorph (11)
Scrolls
 i - 2 scrolls of teleportation
 j - a scroll of immolation
 p - a scroll of fear
 u - a scroll of amnesia
 x - a scroll of enchant armour
 B - a scroll of fog {unknown}
 D - a scroll of blinking {unknown}
Potions
 g - 2 potions of attraction
 h - 5 potions of haste
 k - 5 potions of curing
 m - 3 potions of magic
 o - 4 potions of flight
 q - a potion of cancellation
 t - a potion of heal wounds
 v - a potion of brilliance
 z - a potion of mutation {unknown}
 E - a potion of ambrosia


   Skills:
 + Level 6.1 Fighting
 * Level 8.1 Axes
 - Level 5.0 Throwing
 - Level 2.6 Dodging
 + Level 2.8 Invocations


You had 7 spell levels left.
You didn't know any spells.
Your spell library contained the following spells:

 Spells                   Type           Power      Damage    Failure   Level
 Magic Dart               Conj           0%         1d3       56%         1
 Call Imp                 Summ           0%         N/A       71%         2
 Mephitic Cloud           Conj/Pois/Air  0%         N/A       91%         3


Dungeon Overview and Level Annotations

Branches:
Dungeon (7/15)             Temple (0/1) D:4         Ossuary (visited)

Altars:
Dithmenos
Fedhas
Gozag
Kikubaaqudgha
Makhleb
Okawaru
Ru
Sif Muna
Yredelemnul

Annotations:
D:7 Dowan


Innate Abilities, Weirdness & Mutations

You are mostly covered in thin metallic scales. (AC +3)
You are partially covered in sharp spines.
You have a tail ending in a sharp stinger.


Message History

Duvessa says, "Where magic fails, the sword succeeds!"
Duvessa hits you with a +0 short sword!
You hit Duvessa but do no damage.
Duvessa is severely wounded.
You hit the wight.
The wight hits you from afar with a +4 halberd.
You feel drained. The wight barely misses you.
Duvessa says, "When magic and the sword combine, nothing stands against them."
Duvessa is struck by your spines. Duvessa hits you but does no damage.
You closely miss Duvessa.
Duvessa is almost dead.
You hit the wight. The wight barely misses you. x2
Duvessa hits you with a +0 short sword!
You slash Duvessa!
You kill Duvessa!
Makhleb accepts your kill.
Dowan screams, "No!
Oh no!"
Dowan seems to find hidden reserves of power!
You hit the wight.
The wight hits you from afar with a +4 halberd.
Your life force feels restored.
You hit the wight but do no damage.
The wight is heavily damaged.
The wight hits you from afar with a +4 halberd!
You feel drained. The wight completely misses you.
You slash the wight!
Your tail-slap misses the wight.
The wight is almost destroyed.
You hit the ogre. You freeze the ogre. The ogre barely misses you.
The wight barely misses you. The wight hits you with a +0 battleaxe!
* * * LOW HITPOINT WARNING * * *
You feel drained.
* * * LOW HITPOINT WARNING * * *
Dowan says, "Magic will overcome all!"
Dowan gestures wildly while chanting.
Dowan blinks!
The wight barely misses you. The wight hits you with a +0 battleaxe.
* * * LOW HITPOINT WARNING * * *
The ogre is struck by your spines.
The ogre hits you with a +0 giant club!!
You die... .. ##... ## . #.(.. ...##.... .#..... . .§zo. ... zoz

....###O#
#..$..z@#
#.#.##$)#
#..# .[...
........
....##.....
...<
#..(... ...
##...... #.
#......#


You could see an ogre, 4 wights and 2 orcs.

Vanquished Creatures
  A wyvern (D:7)
  Duvessa (D:7)
  2 orc warriors (D:6)
  2 ice beasts
  2 ogres (D:6)
  2 phantoms
  Blork the orc (D:4)
  2 scorpions
  A howler monkey (D:6)
  A centaur zombie (Ossuary)
  2 hounds (D:5)
  3 orc priests
  A jelly (D:6)
  2 human zombies (Ossuary)
  5 iguanas
  3 orc wizards
  2 hound zombies (D:4)
  2 mummies (Ossuary)
  A howler monkey zombie (D:4)
  6 adders
  A shadow imp (D:5)
  A worm zombie (D:5)
  3 adder zombies (Ossuary)
  A worm (D:3)
  3 dart slugs
  17 orcs
  3 endoplasms
  A giant cockroach (D:1)
  4 goblins
  6 hobgoblins
  5 jackals
  6 kobolds
  3 quokkas
  2 ball pythons (D:1)
  4 bats
  2 frilled lizards
  13 hobgoblin zombies (Ossuary)
  2 jackal zombies
  4 kobold zombies (Ossuary)
  10 orc zombies
  2 rats
  4 rat zombies (Ossuary)
139 creatures vanquished.

Vanquished Creatures (collateral kills)
  An orc priest (D:7)
  An orc wizard (D:6)
  A white imp (D:7)
  3 orcs
6 creatures vanquished.

Grand Total: 145 creatures vanquished

Notes
Turn   | Place    | Note
-------+----------+-------------------------------------------
     0 | D:1      | booth the Demonspawn Gladiator began the quest for the Orb.
     0 | D:1      | Reached XP level 1. HP: 16/16 MP: 1/1
   286 | D:1      | Found a faded altar of an unknown god.
   302 | D:1      | Prayed at the altar of an unknown god.
   302 | D:1      | Became a worshipper of Makhleb the Destroyer
   302 | D:1      | Reached * piety under Makhleb
   367 | D:1      | Reached skill level 3 in Axes
   385 | D:1      | Gained mutation: You have a small tail. [demonic ancestry]
   385 | D:1      | Reached XP level 2. HP: 22/22 MP: 2/2
  1030 | D:2      | Gained mutation: You are partially covered in thin metallic
                  | scales. (AC +2) [demonic ancestry]
  1030 | D:2      | Reached XP level 3. HP: 27/28 MP: 3/3
  1479 | D:3      | Reached ** piety under Makhleb
  1741 | D:3      | Gained mutation: You are partially covered in sharp spines.
                  | [demonic ancestry]
  1741 | D:3      | Reached XP level 4. HP: 34/34 MP: 4/4
  1822 | D:3      | Found a blossoming altar of Fedhas.
  2480 | D:4      | Noticed a scorpion
  2491 | D:4      | Killed a scorpion
  2492 | D:4      | Reached skill level 4 in Axes
  2492 | D:4      | Reached XP level 5. HP: 39/41 MP: 5/5
  2572 | D:4      | Found a basalt altar of Yredelemnul.
  2642 | D:4      | Found a staircase to the Ecumenical Temple.
  2729 | D:4      | Found a shadowy altar of Dithmenos.
  2744 | D:4      | Noticed Blork the orc
  2744 | D:4      | Found an ancient bone altar of Kikubaaqudgha.
  2752 | D:4      | Killed Blork the orc
  2753 | D:4      | Reached XP level 6. HP: 29/47 MP: 6/6
  3061 | D:5      | Entered Level 5 of the Dungeon
  3092 | D:5      | Found an opulent altar of Gozag.
  3204 | D:5      | Reached skill level 5 in Axes
  3214 | D:5      | Noticed an ice beast
  3220 | D:5      | Killed an ice beast
  3330 | D:5      | Found a burning altar of Makhleb.
  3438 | D:5      | Found a sand-covered staircase.
  3453 | D:5      | Found an iron altar of Okawaru.
  3457 | Ossuary  | Entered an ossuary
  3521 | Ossuary  | Gained mutation: You have a tail ending in a sharp stinger.
                  | [demonic ancestry]
  3521 | Ossuary  | Reached XP level 7. HP: 54/54 MP: 7/7
  3594 | Ossuary  | Reached *** piety under Makhleb
  3804 | D:5      | Found a shimmering blue altar of Sif Muna.
  3966 | D:5      | Reached skill level 6 in Axes
  4521 | D:6      | Reached skill level 5 in Fighting
  4521 | D:6      | Gained mutation: You are mostly covered in thin metallic
                  | scales. (AC +3) [demonic ancestry]
  4521 | D:6      | Reached XP level 8. HP: 36/62 MP: 8/8
  4522 | D:6      | Reached **** piety under Makhleb
  4877 | D:6      | Reached skill level 7 in Axes
  5002 | D:6      | Reached skill level 5 in Throwing
  5319 | D:7      | Noticed Dowan
  5320 | D:7      | Noticed Duvessa
  5331 | D:7      | Reached skill level 1 in Invocations
  5517 | D:6      | Found a sacrificial altar of Ru.
  5670 | D:7      | Reached skill level 8 in Axes
  5673 | D:7      | Killed Duvessa
  5676 | D:7      | Mangled by an ogre

Illustrated notes

Levels and vault maps discovered:
D:1:      grunt_arrival_crossed_arrows, layout_loops_ring,
          hellmonk_ecumenical_altar_lost_god
D:2:      layout_rooms
D:3:      layout_loops_ring, fedhas_altar_3
D:4:      layout_rooms, grunt_dithmenos_smoke, general_overflow_altar,
          nicolae_yredelemnul_corpse_copse, temple_statues, uniq_blork_the_orc
D:5:      layout_loops_ring, lemuel_round_altar, nicolae_overflow_hidden_temple,
          enter_ossuary_3, roderic_lattice_a
D:6:      layout_basic, marbit_many_paths
D:7:      layout_loops_cross, gammafunk_ghost_icy,
          minmay_misc_feat_secret_circle, uniq_duvessa

Skill      XL: |  1  2  3  4  5  6  7  8 |
---------------+-------------------------+-----
Axes           | 3 4 5 6 8 |  8.1
Throwing       | 2 3 4 5 |  5.0
Fighting       | 3 4 5 6 |  6.1
Invocations    | 2 |  2.8
Dodging        | |  2.6

Action                     |  1- 3 |  4- 6 |  7- 9 || total
---------------------------+-------+-------+-------++-------
  Melee: War axe           |   100 |    92 |   128 ||   320
         Tailslap          |     5 |    12 |    19 ||    36
         Punch             |       |     2 |       ||     2
         Unarmed           |       |       |     3 ||     3
  Throw: Throwing net      |     2 |       |       ||     2
         Boomerang         |     7 |    40 |    54 ||   101
         Javelin           |       |     1 |     3 ||     4
 Invoke: Minor Destruction |       |     3 |       ||     3
         Lesser Servant of |       |       |     2 ||     2
    Use: Potion            |     3 |     3 |       ||     6
         Scroll            |     5 |     4 |     4 ||    13
   Stab: Sleeping          |     1 |       |       ||     1
 Armour: Leather armour    |    23 |       |       ||    23
         Ring mail         |    13 |    39 |    50 ||   102
         Skin              |       |       |     1 ||     1
  Dodge: Dodged            |    78 |    44 |    76 ||   198
